 Dungeon Crawl Stone Soup version 0.26.0-10-g1f06aea511 (webtiles) character file.

Game seed: 13330439129740210985

46 Kejsarherre the Conjurer (level 3, -6/23 HPs)
             Began as a Tengu Conjurer on Jan 14, 2021.
             Mangled by a gnoll
             ... wielding a +0 whip
              (7 damage)
             ... on level 1 of the Dungeon.
             The game lasted 00:03:00 (995 turns).

Kejsarherre the Conjurer (Tengu Conjurer)            Turns: 995, Time: 00:03:01

Health: -6/23      AC:  2    Str:  7    XL:     3   Next: 68%
Magic:  7/7        EV: 12    Int: 18    God:
Gold:   99         SH:  0    Dex: 13    Spells: 3/6 levels left

rFire    . . .     SeeInvis .   n - +0 trident
rCold    . . .     Faith    .   (no shield)
rNeg     . . .     Spirit   .   a - +0 robe
rPois    .         Reflect  .   (helmet restricted)
rElec    .         Harm     .   (no cloak)
rCorr    .         Rampage  .   (no gloves)
Will     .....                  (boots unavailable)
Stlth    ++........             (no amulet)
HPRegen  0.07/turn              (no ring)
MPRegen  0.10/turn              (no ring)

@: no status effects
A: beak, talons 3
a: no special abilities


You were on level 1 of the Dungeon.
You visited 1 branch of the dungeon, and saw 2 of its levels.

You collected 99 gold pieces.

Inventory:

Hand Weapons
 n - a +0 trident (weapon)
Armour
 a - a +0 robe (worn)
Scrolls
 c - a scroll of immolation {unknown}
 d - 2 scrolls of identify {unknown}
 h - 2 scrolls of teleportation {unknown}
 j - a scroll of magic mapping {unknown}
 k - a scroll of amnesia {unknown}
 m - a scroll of enchant armour {unknown}
Potions
 b - 2 potions of ambrosia
 f - a potion of attraction {unknown}
 g - a potion of curing {unknown}
 i - a potion of berserk rage {unknown}
 l - a potion of degeneration {unknown}


   Skills:
 + Level 3.2 Fighting
 - Level 2.1 Dodging
 - Level 2.0 Stealth
 - Level 2.0 Spellcasting
 - Level 5.3 Conjurations


You had 3 spell levels left.
You knew the following spells:

 Your Spells              Type           Power        Failure   Level
a - Magic Dart            Conj           80%          1%          1
b - Searing Ray           Conj           40%          3%          2

Your spell library contained the following spells:

 Spells                   Type           Power        Failure   Level
 Dazzling Flash           Conj/Hex       22%          19%         3
 Fulminant Prism          Conj/Hex       5%           52%         4
 Iskenderun's Mystic Bla  Conj/Tloc      11%          52%         4


Dungeon Overview and Level Annotations

Branches:
Dungeon (2/15)

Altars:


Innate Abilities, Weirdness & Mutations

You have a beak for a mouth.
You have claws for feet.


Message History

Reach: n) +0 trident
Press: ? - help, Dir - move target, f/p - gnoll
Aim: a gnoll, wielding a +0 whip (almost dead)
You closely miss the gnoll. Your kick misses the gnoll.
The gnoll is almost dead.
The gnoll hits you with a +0 whip!
Reach: n) +0 trident
Press: ? - help, Dir - move target, f/p - gnoll
Aim: a gnoll, wielding a +0 whip (almost dead)
You barely miss the gnoll. You claw the gnoll, but do no damage.
The gnoll is almost dead.
The gnoll hits you with a +0 whip!
* * * LOW HITPOINT WARNING * * *
Reach: n) +0 trident
Press: ? - help, Dir - move target, f/p - gnoll
Aim: a gnoll, wielding a +0 whip (severely wounded)
You hit the gnoll but do no damage.
The gnoll is severely wounded.
The gnoll misses you. The gnoll hits you with a +0 whip!
You die...

####### #.....# #.###.#
########### ###########.# #.#
..........####..@g.....#(###.####
.................>.....#...#.....
...............##.##.#.###.######
########.....#...........#...#
..# #.....#..#..###.#.###.# ..#
#.....##.#....#.#.# #.# ..#
###...(..#.##.#...# #.# ..#
#........##.#######.# ..#
#........##.#.......#


You could see a gnoll.

Vanquished Creatures
  2 gnolls (D:2)
  2 leopard geckos (D:1)
  5 bats
  A giant cockroach (D:1)
  A goblin (D:1)
  2 hobgoblins (D:1)
  A frilled lizard (D:1)
  6 kobolds (D:1)
  6 rats
26 creatures vanquished.

Notes
Turn   | Place    | Note
-------+----------+-------------------------------------------
     0 | D:1      | Kejsarherre the Tengu Conjurer began the quest for the Orb.
     0 | D:1      | Reached XP level 1. HP: 10/10 MP: 4/4
   116 | D:1      | Reached skill level 1 in Fighting
   187 | D:1      | Reached XP level 2. HP: 16/16 MP: 3/6
   872 | D:1      | Reached XP level 3. HP: 22/22 MP: 7/7
   932 | D:1      | Learned a level 2 spell: Searing Ray
   994 | D:1      | HP: 1/23 [gnoll/+0 whip (11)]
   995 | D:1      | Mangled by a gnoll

Illustrated notes

Levels and vault maps discovered:
D:1:      dpeg_arrival_stone_temple_mockup, layout_basic
D:2:      layout_basic, serial_glass, glass_columns_a, glass_columns_c,
          minmay_shallow_snake_nest

Skill      XL: |  1  2  3 |
---------------+----------+-----
Fighting       | 1 2 3 |  3.2
Dodging        | |  2.1
Stealth        | |  2.0
Spellcasting   | |  2.0
Conjurations   | |  5.3

Action                   || total
-------------------------++-------
Melee: Short sword       ||    29
       Kick              ||     7
       Peck              ||     2
       Trident           ||     9
 Cast: Magic Dart        ||    19
       Searing Ray       ||     1
  Use: Potion            ||     1
 Stab: Sleeping          ||     3
Armor: Robe              ||     7
Dodge: Dodged            ||    34
